 Dungeon Crawl Stone Soup version 0.26-a0-660-gc07710193c (webtiles) character file.

Game seed: 6015490178544394595

67 MrRokkomies the Skirmisher (level 4, 0/41 HPs)
             Began as a Gnoll Wanderer on Oct 6, 2020.
             Succumbed to an adder's poison
             ... on level 2 of the Dungeon.
             The game lasted 00:02:42 (1867 turns).

MrRokkomies the Skirmisher (Gnoll Wanderer)         Turns: 1867, Time: 00:02:43

Health: 0/41       AC:  3    Str: 16    XL:     4   Next: 16%
Magic:  5/5        EV: 12    Int: 15    God:
Gold:   14         SH:  0    Dex: 13    Spells: 5/5 levels left

rFire    x . .     SeeInvis .   a - +2 short sword (venom)
rCold    + . .     Faith    .   (no shield)
rNeg     . . .     Spirit   .   d - +0 robe
rPois    .         Reflect  .   (no helmet)
rElec    .         Harm     .   o - +0 cloak
rCorr    .         Rampage  .   (no gloves)
MR       +....                  (no boots)
Stlth    +.........             (no amulet)
HPRegen  0.13/turn              b - ring of attention (curse)
MPRegen  0.09/turn              m - ring of ice

@: lethally poisoned (0 -> -3)
A: distributed training, fangs 1, blurry vision 1, magic resistance 1, strong
nose
a: no special abilities


You were on level 2 of the Dungeon.
You visited 1 branch of the dungeon, and saw 2 of its levels.

You collected 14 gold pieces.

Inventory:

Hand Weapons
 a - a +2 short sword of venom (weapon)
Missiles
 g - 50 bolts
 i - 12 poisoned darts (quivered)
 l - 16 sling bullets
Armour
 d - a +0 robe (worn)
 o - a +0 cloak (worn)
Jewellery
 b - a cursed ring of attention (left hand)
 m - a ring of ice (right hand)
Potions
 h - a potion of brilliance


   Skills:
 + Level 6.6 Fighting
 + Level 1.0 Short Blades
 + Level 1.0 Long Blades
 + Level 1.0 Axes
 + Level 1.0 Maces & Flails
 + Level 1.0 Polearms
 + Level 1.0 Staves
 + Level 1.0 Slings
 + Level 2.7 Bows
 + Level 1.0 Crossbows
 + Level 1.0 Throwing
 + Level 2.7 Armour
 + Level 1.0 Dodging
 + Level 2.5 Stealth
 + Level 1.0 Shields
 + Level 1.0 Unarmed Combat
 + Level 1.0 Spellcasting
 + Level 0.8 Conjurations
 + Level 0.8 Hexes
 + Level 0.8 Summonings
 + Level 0.8 Necromancy
 + Level 0.8 Translocations
 + Level 3.8 Transmutations
 + Level 0.8 Fire Magic
 + Level 0.8 Ice Magic
 + Level 0.8 Air Magic
 + Level 2.2 Earth Magic
 + Level 0.8 Poison Magic
 + Level 1.1 Invocations
 + Level 2.7 Evocations


You had 5 spell levels left.
You didn't know any spells.
Your spell library contained the following spells:

 Spells                   Type           Power        Failure   Level
 Beastly Appendage        Tmut           ##....       4%          1
 Wereblood                Tmut           ##......     8%          2
 Sandblast                Erth           #.....       10%         1
 Spider Form              Tmut/Pois      #.........   28%         3
 Stone Arrow              Conj/Erth      #.....       36%         3
 Ice Form                 Ice/Tmut       ##......     67%         4
 Blade Hands              Tmut           ##........   80%         5


Dungeon Overview and Level Annotations

Branches:
Dungeon (2/15)

Altars:


Innate Abilities, Weirdness & Mutations

Your experience applies equally to all skills.
You have very sharp teeth.
Your uncanny sense of smell can sniff out nearby items.
Scrolls take you a little longer to read.
You are resistant to hostile enchantments. (MR+)


Message History

You throw a poisoned dart. The poisoned dart hits the adder.
The adder looks even sicker.
The adder is heavily wounded.
The adder bites you but does no damage. The adder misses you.
Throwing (i - inventory)
i - 13 poisoned darts (quivered)
Press: ? - help, Shift-Dir - straight line, f/p - adder
Aim: an adder (severely wounded, very poisoned)
You throw a poisoned dart. The poisoned dart hits the adder.
The adder looks even sicker.
The adder is severely wounded.
The adder bites you.
* * * LOW HITPOINT WARNING * * *
You are lethally poisoned!
The adder poisons you!
* * * LOW HITPOINT WARNING * * *
You feel sick.
Unknown command.
The gnoll looks more healthy.
You kill the adder!
You die...

#.######.#.#
#.#.# #.#.#
#.#)## #
#....#
#...####.#..#
............#
#...###.###.#
# #.# #@# #.#
#.# #.# #.#
.#.# #†# .#.#
#g# ####.#.#
#g# ....# #)#
###...# #g#
..... #.#


You could see 3 gnolls.

Vanquished Creatures
  An adder (D:2)
  A gnoll (D:2)
  2 oozes (D:1)
  A dart slug (D:1)
  A leopard gecko (D:1)
  4 giant cockroaches (D:1)
  5 goblins (D:1)
  3 hobgoblins (D:1)
  2 bats (D:1)
  2 frilled lizards (D:1)
  7 kobolds
  6 rats (D:1)
35 creatures vanquished.

Notes
Turn   | Place    | Note
-------+----------+-------------------------------------------
     0 | D:1      | MrRokkomies the Gnoll Wanderer began the quest for the Orb.
     0 | D:1      | MrRokkomies set off with the following items: a +0 club, a
                  | potion of curing, a +0 robe; and the following spells
                  | available to memorise: Beastly Appendage, Wereblood,
                  | Sandblast, Spider Form, Stone Arrow, Ice Form, Blade Hands
     0 | D:1      | Reached XP level 1. HP: 23/23 MP: 1/1
   159 | D:1      | Reached XP level 2. HP: 27/29 MP: 2/2
   461 | D:1      | Reached XP level 3. HP: 33/35 MP: 3/3
  1194 | D:1      | Reached skill level 1 in Invocations
  1860 | D:2      | Gained mutation: Scrolls take you a little longer to read.
                  | [potion of mutation]
  1860 | D:2      | Gained mutation: You are resistant to hostile enchantments.
                  | (MR+) [potion of mutation]
  1861 | D:2      | Reached skill level 1 in Short Blades
  1861 | D:2      | Reached skill level 1 in Long Blades
  1861 | D:2      | Reached skill level 1 in Axes
  1861 | D:2      | Reached skill level 1 in Maces & Flails
  1861 | D:2      | Reached skill level 1 in Polearms
  1861 | D:2      | Reached skill level 1 in Staves
  1861 | D:2      | Reached skill level 1 in Slings
  1861 | D:2      | Reached skill level 1 in Crossbows
  1861 | D:2      | Reached skill level 1 in Throwing
  1861 | D:2      | Reached skill level 1 in Dodging
  1861 | D:2      | Reached skill level 1 in Shields
  1861 | D:2      | Reached skill level 1 in Unarmed Combat
  1861 | D:2      | Reached skill level 1 in Spellcasting
  1861 | D:2      | Reached XP level 4. HP: 5/41 MP: 5/5
  1864 | D:2      | HP: 2/41 [adder (3)]
  1867 | D:2      | Succumbed to an adder's poison

Illustrated notes

Levels and vault maps discovered:
D:1:      ncdulo_lavacross, layout_loops_corners, minmay_pentomino_w4
D:2:      layout_loops_ring

Skill      XL: |  1  2  3 |
---------------+----------+-----
Earth Magic    | 2 |  2.2
Invocations    | 1 |  1.1
Short Blades   | 1 |  1.0
Long Blades    | 1 |  1.0
Axes           | 1 |  1.0
Maces & Flails | 1 |  1.0
Polearms       | 1 |  1.0
Staves         | 1 |  1.0
Slings         | 1 |  1.0
Crossbows      | 1 |  1.0
Throwing       | 1 |  1.0
Dodging        | 1 |  1.0
Shields        | 1 |  1.0
Unarmed Combat | 1 |  1.0
Spellcasting   | 1 |  1.0
Fighting       | |  6.6
Bows           | |  2.7
Armour         | |  2.7
Stealth        | |  2.5
Conjurations   | |  0.8
Hexes          | |  0.8
Summonings     | |  0.8
Necromancy     | |  0.8
Translocations | |  0.8
Transmutations | |  3.8
Fire Magic     | |  0.8
Ice Magic      | |  0.8
Air Magic      | |  0.8
Poison Magic   | |  0.8
Evocations     | |  2.7

Action                   |  1- 3 |  4- 6 || total
-------------------------+-------+-------++-------
Melee: Spear             |    65 |       ||    65
       Bite              |    14 |       ||    14
       Short sword       |    42 |       ||    42
Throw: Dart              |     5 |     3 ||     8
  Use: Scroll            |     5 |       ||     5
       Potion            |     2 |       ||     2
Armor: Robe              |    11 |     1 ||    12
Dodge: Dodged            |    63 |     2 ||    65

Table legend: (Time is in decaauts)
 A = Elapsed time spent in this place.
 B = Non-inter-level travel time spent in this place.
 C = Inter-level travel time spent in this place.
 D = Time resting spent in this place.
 E = Time spent auto-exploring this place.
 F = Levels seen in this place.
 G = Mean time per level.
                   A        B        C        D        E       F      G
               +--------+--------+--------+--------+--------+-----+--------+
         Total |   1872 |   1760 |    112 |    486 |   1011 |   2 |  936.0 |
       Dungeon |   1872 |   1760 |    112 |    486 |   1011 |   2 |  936.0 |
               +--------+--------+--------+--------+--------+-----+--------+

Top non-repeatable levels by time:
     D:1: 1773 daAuts
     D:2: 98 daAuts
